 Dungeon Crawl Stone Soup version 0.31-a0-819-gf6de2f5ab6 (webtiles) character file.

Game seed: 17396402316434434360

96 qw the Shooter (level 4, 0/28 HPs)
             Began as a Gargoyle Hunter on Sept 23, 2023.
             Slain by a cerulean imp
             ... wielding a +1 spear
             ... summoned by Natasha
              (4 damage)
             ... on level 2 of the Dungeon.
             The game lasted 00:00:32 (1236 turns).

qw the Shooter (Gargoyle Hunter)                    Turns: 1236, Time: 00:00:33

Health: 0/28       AC:  6    Str: 15    XL:     4   Next: 67%
Magic:  4/4        EV: 11    Int:  9    God:
Gold:   73         SH:  0    Dex: 15    Spells: 3/3 levels left

rFire   . . .        Y - +0 shortbow
rCold   . . .        (shield currently unavailable)
rNeg    + + .        c - +0 leather armour
rPois   inf          (no helmet)
rElec   +            (no cloak)
rCorr   .            (no gloves)
SInv    .            (no boots)
Will    .....        (no amulet)
Stlth   ++           d - ring of positive energy
HPRegen 0.24/turn    (no ring)
MPRegen 0.09/turn

%: no passive effects
@: no status effects
A: sickness immunity, AC +3, negative energy resistance 1, electricity
resistance, torment resistance 1, petrification resistance
a: no special abilities


You were on level 2 of the Dungeon.
You visited 1 branch of the dungeon, and saw 2 of its levels.

You collected 73 gold pieces.


Innate Abilities, Weirdness & Mutations

You are immune to sickness and miasma.
Your stone body is resilient. (AC +3)
You are immune to poison.
You resist negative energy. (rN+)
You are resistant to electric shocks. (rElec)
You are resistant to unholy torment.
You are immune to petrification.


   Skills:
 - Level 3.4 Fighting
 + Level 5.4 Ranged Weapons
 - Level 1.5 Dodging
 - Level 1.1 Stealth


You had 3 spell levels left.
You didn't know any spells.
Your spell library was empty.

Inventory:

Hand Weapons
 Y - a +0 shortbow (weapon)
Armour
 c - a +0 leather armour (worn)
Jewellery
 d - a ring of positive energy (left hand)
 h - a ring of resist corrosion
Scrolls
 e - a scroll of identify {unknown}
Potions
 a - a potion of curing {unknown}
 b - a potion of brilliance {unknown}
 f - a potion of attraction {unknown}
 g - a potion of haste {unknown}

Dungeon Overview and Level Annotations

Branches:
Dungeon (2/15)

Altars:

Annotations:
D:2 Natasha


Message History

Natasha casts a spell at you. You resist with some effort.
You shoot an arrow. The arrow closely misses Natasha.
You shoot an arrow. The arrow hits Natasha.
Natasha is lightly wounded.
Natasha howls an incantation.
Natasha shimmers violently.
Natasha mumbles some strange words.
Natasha glows brightly for a moment.
You shoot an arrow. The arrow barely misses Natasha.
The giant cockroach misses you. Natasha barely misses you.
You shoot an arrow. The arrow hits Natasha.
Natasha is lightly wounded.
The giant cockroach closely misses you. Natasha closely misses you.
The giant cockroach bites you.
You shoot an arrow. The arrow closely misses Natasha.
Natasha claws you!
The giant cockroach bites you but does no damage.
You shoot an arrow.
The arrow hits Natasha but does no damage.
Natasha is lightly wounded.
Natasha claws you but does no damage. The giant cockroach closely misses you.
Natasha mumbles some strange words.
You shoot an arrow. The arrow hits Natasha!
Natasha is severely wounded.
The giant cockroach barely misses you. Natasha claws you.
The giant cockroach bites you. The cerulean imp barely misses you.
You shoot an arrow. The arrow barely misses Natasha.
The giant cockroach barely misses you. Natasha claws you but does no damage.
The cerulean imp closely misses you.
You shoot an arrow. The arrow hits Natasha.
Natasha is severely wounded.
The giant cockroach closely misses you. Natasha claws you.
The cerulean imp hits you with a +1 spear.
The giant cockroach barely misses you.
You shoot an arrow. The arrow barely misses Natasha.
You hear an angry hiss.
Natasha claws you!
The cerulean imp hits you with a +1 spear.
You die...

..####.......#
.........#..(#####...
..........##.........
.............#####...
#.####.#####.#
##)###.......##
##.########..# ##%##
##.########## #.####
#.#5@B...... .....#
#.#h####..#.
..##.########.#.# .
.....##.....%.#.##....
.........###<......#
#.#..##..###.##.####
#..........#.##...
...........#.######
###.#.#..#.#.#


You could see Natasha, a cerulean imp (summoned) and a giant cockroach.

Vanquished Creatures
  Jessica (D:2)
  Natasha (D:2)
  An adder (D:2)
  A worm (D:2)
  A dart slug (D:1)
  3 ball pythons (D:1)
  8 bats
  6 endoplasms
  A giant cockroach (D:1)
  4 goblins
  A hobgoblin (D:1)
  A kobold (D:2)
  2 frilled lizards
  2 rats
33 creatures vanquished.

Notes
Turn   | Place    | Note
-------+----------+-------------------------------------------
     0 | D:1      | qw the Gargoyle Hunter began the quest for the Orb.
     0 | D:1      | Reached XP level 1. HP: 12/12 MP: 1/1
     0 | D:1      | 0 ||| qw: Version: 0.3-a-83-gcd0e7d8
     0 | D:1      | 0 ||| qw: Game counter: 1621
     0 | D:1      | 0 ||| qw: Melee chars always use a shield: true
     0 | D:1      | 0 ||| qw: God list: Okawaru
     0 | D:1      | 0 ||| qw: Allow faded altars: false
     0 | D:1      | 0 ||| qw: Do Orc after clearing Dungeon:15 true
     0 | D:1      | 0 ||| qw: Do second Lair branch before Depths: true
     0 | D:1      | 0 ||| qw: Lair rune preference: random
     0 | D:1      | 0 ||| qw: Goals: Normal
     0 | D:1      | 0 ||| PLANNING D:1-11
   118 | D:1      | Reached XP level 2. HP: 14/17 MP: 2/2
   821 | D:1      | 821 ||| UPGRADING to ring of positive energy.
   822 | D:1      | 822 ||| READING scroll labelled DACSI XIPPOS.
   823 | D:1      | 823 ||| DROPPING scroll of butterflies.
   840 | D:2      | Noticed Jessica
   843 | D:2      | Killed Jessica
   844 | D:2      | Reached skill level 5 in Ranged Weapons
   844 | D:2      | Reached XP level 3. HP: 21/21 MP: 3/3
   905 | D:2      | Reached XP level 4. HP: 23/27 MP: 4/4
   905 | D:2      | 905 ||| FLEEEEING.
   906 | D:2      | 906 ||| FLEEEEING.
   907 | D:2      | 907 ||| FLEEEEING.
   908 | D:2      | 908 ||| FLEEEEING.
   909 | D:2      | 909 ||| FLEEEEING.
  1035 | D:2      | Noticed Natasha
  1040 | D:2      | 1040 ||| RETREEAATING.
  1041 | D:2      | 1041 ||| STILL RETREEAATING.
  1042 | D:2      | 1042 ||| STILL RETREEAATING.
  1043 | D:2      | 1043 ||| STILL RETREEAATING.
  1046 | D:2      | 1046 ||| Stepping ~*~*~tactically~*~*~ (retreating).
  1047 | D:2      | 1047 ||| Stepping ~*~*~tactically~*~*~ (retreating).
  1048 | D:2      | 1048 ||| Stepping ~*~*~tactically~*~*~ (retreating).
  1049 | D:2      | 1049 ||| Stepping ~*~*~tactically~*~*~ (retreating).
  1051 | D:2      | 1051 ||| Stepping ~*~*~tactically~*~*~ (retreating).
  1052 | D:2      | 1052 ||| Stepping ~*~*~tactically~*~*~ (retreating).
  1061 | D:2      | Killed Natasha
  1062 | D:2      | Reached skill level 3 in Fighting
  1169 | D:2      | 1169 ||| FLEEEEING.
  1225 | D:2      | Noticed Natasha
  1236 | D:2      | HP: 4/28 [Natasha (7)]
  1236 | D:2      | Slain by a cerulean imp

Levels and vault maps discovered:
D:1:      roderic_crossed_star, layout_basic, nicolae_houndstooth_variations
D:2:      layout_loops_cross, grunt_ministairs_15, uniq_jessica, uniq_natasha

Skill      XL: |  1  2  3  4 |
---------------+-------------+-----
Ranged Weapons | 5 |  5.4
Fighting       | 3 |  3.4
Dodging        | |  1.5
Stealth        | |  1.1

Action                     |  1- 3 |  4- 6 || total
---------------------------+-------+-------++-------
   Fire: Shortbow          |    87 |    43 ||   130
    Use: Scroll            |     1 |       ||     1
 Armour: Leather armour    |    28 |    23 ||    51
  Dodge: Dodged            |    16 |    19 ||    35

Table legend:
 A = Non-vault XP
 B = Vault XP
 C = Vault XP percentage of total XP
 D = Non-vault monster count
 E = Vault monster count
 F = Vault count percentage of total count
                 A         B        C        D         E       F
            +---------+---------+-------+---------+---------+-------
      Total |      66 |      72 |  52.2 |      31 |       2 |   6.1
            +---------+---------+-------+---------+---------+-------
        D:1 |      32 |       0 |   0.0 |      18 |       0 |   0.0
        D:2 |      34 |      72 |  67.9 |      13 |       2 |  13.3
            +---------+---------+-------+---------+---------+-------
